 Dungeon Crawl Stone Soup version 0.26-a0-646-g5d7718319a (webtiles) character file.

Game seed: 18440434952196634879

16 DogServant the Gusty (level 2, 16/16 HPs)
             Began as a Tengu Air Elementalist on Sept 24, 2020.
             Quit the game on level 1 of the Dungeon.
             The game lasted 00:01:22 (933 turns).

DogServant the Gusty (Tengu Air Elementalist)        Turns: 933, Time: 00:01:23

Health: 16/16      AC:  3    Str:  8    XL:     2   Next: 54%
Magic:  6/6        EV: 12    Int: 15    God:
Gold:   55         SH:  0    Dex: 14    Spells: 4/5 levels left

rFire    . . .     SeeInvis .   (no weapon)
rCold    . . .     Faith    .   (no shield)
rNeg     . . .     Spirit   .   a - +0 robe
rPois    .         Reflect  .   (helmet restricted)
rElec    .         Harm     .   b - +0 cloak (curse)
rCorr    .         Rampage  .   (no gloves)
MR       .....                  (boots unavailable)
Stlth    ++........             (no amulet)
HPRegen  0.05/turn              (no ring)
MPRegen  0.10/turn              (no ring)

@: no status effects
A: beak, talons 3
a: no special abilities


You were on level 1 of the Dungeon.
You visited 1 branch of the dungeon, and saw 1 of its levels.

You collected 55 gold pieces.

Inventory:

Armour
 a - a +0 robe (worn)
 b - a cursed +0 cloak (worn)
Jewellery
 d - a +6 ring of strength {unknown}
 g - a +6 ring of intelligence {unknown}
 h - an uncursed ring of magical power {unknown}
Scrolls
 e - 2 scrolls of immolation {unknown}
 f - a scroll of identify {unknown}
Potions
 c - a potion of magic {unknown}


   Skills:
 + Level 0.9 Fighting
 - Level 2.1 Dodging
 - Level 2.0 Stealth
 + Level 2.2 Spellcasting
 + Level 2.0 Conjurations
 + Level 4.3 Air Magic


You had 4 spell levels left.
You knew the following spells:

 Your Spells              Type           Power        Failure   Level
a - Shock                 Conj/Air       ##..         6%          1

Your spell library contained the following spells:

 Spells                   Type           Power        Failure   Level
 Swiftness                Air            ##......     5%          2
 Static Discharge         Conj/Air       ##......     19%         3
 Airstrike                Air            ##........   36%         4
 Lightning Bolt           Conj/Air       ##........   86%         5


Dungeon Overview and Level Annotations

Branches:
Dungeon (1/15)

Altars:


Innate Abilities, Weirdness & Mutations

You have a beak for a mouth.
You have claws for feet.


Message History

Nothing appears to happen.
The bat hits you but does no damage.
Casting: Shock (safe; 6% risk of failure)
Confirm with . or Enter, or press ? or * to list all spells.
Aiming: Shock (safe; 6% risk of failure)
Press: ? - help, Shift-Dir - straight line The zap hits the bat.
The bat is moderately wounded.
The bat barely misses you. The bat closely misses you.
The bat hits you but does no damage.
Casting: Shock (safe; 6% risk of failure)
Confirm with . or Enter, or press ? or * to list all spells.
Aiming: Shock (safe; 6% risk of failure)
Press: ? - help, Shift-Dir - straight line The zap hits the bat.
You kill the bat!
Your magical contamination has completely faded away.
You see here a +0 club.
Partly explored, can't reach some places.
Partly explored, can't reach some places.
Are you sure you want to abandon this character and quit the game? (Confirm with "yes".)

.>...##.# #......# #.# .....##.#
#>##.### #.# .....##.# #.##.#
#.### ...#.##.#########.##.#
#.... #..#.##.#.........##.#
##### #..#).).....########.#
#.....#.###.########## #######
#.##.##.###.##≈.#..<# #......
...#.###..#.#.##@#..# #.#####
......##.≈.#.#.≈###.# #.#
...#.##.#§≈#.###.#..# #.#
####.##.≈.§.≈.#.##.## #.###
#.##..##.####.##.#######.#.##
#.#######..#≈#..##....##..#.##
#.###.#..##..#...####.##.###.#
####.##.#.##.##.##.## #.###.#.##
......#.#.#..###.#..####.####.###


There were no monsters in sight!

Vanquished Creatures
  A ball python (D:1)
  3 bats (D:1)
  A giant cockroach (D:1)
  3 hobgoblins (D:1)
  A jackal (D:1)
  3 frilled lizards (D:1)
  A goblin (D:1)
  3 rats (D:1)
16 creatures vanquished.

Notes
Turn   | Place    | Note
-------+----------+-------------------------------------------
     0 | D:1      | DogServant the Tengu Air Elementalist began the quest for
                  | the Orb.
     0 | D:1      | Reached XP level 1. HP: 10/10 MP: 4/4
   257 | D:1      | Reached XP level 2. HP: 16/16 MP: 3/6
   933 | D:1      | Quit the game

Illustrated notes

Levels and vault maps discovered:
D:1:      dpeg_arrival_brainrot, layout_loops_ring

Skill      XL: |  1  2 |
---------------+-------+-----
Conjurations   | 2 |  2.0
Fighting       | |  0.9
Dodging        | |  2.1
Stealth        | |  2.0
Spellcasting   | |  2.2
Air Magic      | |  4.3

Action                   || total
-------------------------++-------
Melee: Unarmed           ||     2
       Peck              ||     1
 Cast: Shock             ||    26
 Stab: Sleeping          ||     1
Armor: Robe              ||     5
Dodge: Dodged            ||     8

Table legend: (Time is in decaauts)
 A = Elapsed time spent in this place.
 B = Non-inter-level travel time spent in this place.
 C = Inter-level travel time spent in this place.
 D = Time resting spent in this place.
 E = Time spent auto-exploring this place.
 F = Levels seen in this place.
 G = Mean time per level.
                   A        B        C        D        E       F      G
               +--------+--------+--------+--------+--------+-----+--------+
         Total |    933 |    933 |      0 |      0 |    858 |   1 |  933.0 |
       Dungeon |    933 |    933 |      0 |      0 |    858 |   1 |  933.0 |
               +--------+--------+--------+--------+--------+-----+--------+

Top non-repeatable levels by time:
     D:1: 933 daAuts
